 Dungeon Crawl Stone Soup version 0.27-a0-67-g4bfc8a49e1 (webtiles) character file.

Game seed: 2452787480378286260

158 Borgoz the Covered (level 5, -1/36 HPs)
             Began as a Halfling Fighter on Jan 9, 2021.
             Slain by a worm (8 damage)
             ... on level 3 of the Dungeon.
             The game lasted 00:03:09 (2312 turns).

Borgoz the Covered (Halfling Fighter)               Turns: 2312, Time: 00:03:10

Health: -1/36      AC:  7    Str: 17    XL:     5   Next: 66%
Magic:  5/5        EV: 13    Int:  6    God:
Gold:   135        SH: 10    Dex: 15    Spells: 4/4 levels left

rFire    . . .     SeeInvis .   a - +0 long sword
rCold    . . .     Faith    .   c - +0 kite shield
rNeg     . . .     Spirit   .   n - +0 scale mail
rPois    .         Reflect  .   (no helmet)
rElec    .         Harm     +   o - scarf {harm}
rCorr    .         Rampage  .   (no gloves)
Will     .....                  (no boots)
Stlth    ..........             (no amulet)
HPRegen  0.12/turn              q - +4 ring of evasion
MPRegen  0.09/turn              (no ring)

@: mighty, hasted, very quick
A: small, mutation resistance 1
a: no special abilities


You were on level 3 of the Dungeon.
You visited 1 branch of the dungeon, and saw 3 of its levels.

You collected 135 gold pieces.

Inventory:

Hand Weapons
 a - a +0 long sword (weapon)
 b - a +2 dagger of speed
Armour
 c - a +0 kite shield (worn)
 n - a +0 scale mail (worn)
 o - a scarf of harm (worn)
Jewellery
 q - a +4 ring of evasion (left hand)
Scrolls
 g - a scroll of fog {unknown}
 h - a scroll of teleportation {unknown}
 j - 2 scrolls of blinking {unknown}
 k - a scroll of enchant weapon {unknown}
 l - a scroll of enchant armour {unknown}
 m - 2 scrolls of remove curse {unknown}
 r - a scroll of fear {unknown}
 u - a scroll of magic mapping {unknown}
 v - a scroll of noise {unknown}
Potions
 e - 2 potions of curing
 p - 2 potions of cancellation {unknown}
 s - a potion of attraction
 w - a potion of degeneration


   Skills:
 + Level 3.3 Fighting
 * Level 3.7 Long Blades
 + Level 4.1 Armour
 + Level 4.1 Shields


You had 4 spell levels left.
You didn't know any spells.
Your spell library was empty.

Dungeon Overview and Level Annotations

Branches:
Dungeon (3/15)

Altars:


Innate Abilities, Weirdness & Mutations

You are small and have problems with some larger weapons.
You are somewhat resistant to further mutation.


Message History

Reactivating autopickup.
The orc wizard hits you with a +0 dagger.
You hit the worm.
The worm is lightly wounded.
You block the worm's attack. The orc wizard closely misses you.
You slash the worm!
The worm is severely wounded.
Your shield prevents you from hitting the orc wizard.
The orc wizard is moderately wounded.
You block the orc wizard's attack. The worm misses you.
You closely miss the orc wizard.
The orc wizard is moderately wounded.
The orc wizard hits you with a +0 dagger.
* * * LOW HITPOINT WARNING * * *
A hobgoblin comes into view. It is wielding a +0 club.
The hobgoblin shouts!
You slash the orc wizard!
The orc wizard is almost dead.
You block the orc wizard's attack. The worm bites you!
You die...

############### #≈≈≈≈≈≈≈≈
≈≈≈≈≈≈≈≈≈≈≈≈≈≈≈≈#####≈≈≈≈≈≈≈≈
≈≈≈≈≈≈≈≈≈≈≈≈≈≈≈≈≈≈≈≈≈≈≈≈≈≈≈≈≈
≈≈≈≈≈≈≈≈≈≈≈≈≈≈≈≈≈≈≈≈≈≈≈≈≈≈≈≈≈
≈≈≈≈≈≈≈≈≈.≈≈≈≈≈.≈≈≈≈.†≈..≈≈≈≈
............(................
.............................
#.....g...ow.............###
.###...###@#..##.########
#)..# #.#.###.# .........##
#.#)[..<#
......o.#####..)#####
#...##.###......## ... ..
#.#.#...# .. ..# #...#...#
.... ### #.###..># ....#
#.###...#


You could see a worm, an orc wizard and a hobgoblin.

Vanquished Creatures
  An orc priest (D:3)
  An orc wizard (D:3)
  An adder (D:3)
  An ooze (D:3)
  A worm (D:2)
  A dart slug (D:1)
  2 leopard geckos (D:2)
  11 orcs (D:3)
  A ball python (D:3)
  4 bats
  13 giant cockroaches
  6 goblins
  6 hobgoblins (D:1)
  10 kobolds
  A frilled lizard (D:1)
  9 rats
  2 bushes (D:1)
71 creatures vanquished.

Vanquished Creatures (others)
  7 plants (D:1)
7 creatures vanquished.

Grand Total: 78 creatures vanquished

Notes
Turn   | Place    | Note
-------+----------+-------------------------------------------
     0 | D:1      | Borgoz the Halfling Fighter began the quest for the Orb.
     0 | D:1      | Reached XP level 1. HP: 15/15 MP: 1/1
    99 | D:1      | Reached XP level 2. HP: 13/20 MP: 2/2
   934 | D:1      | Reached XP level 3. HP: 21/25 MP: 3/3
  1889 | D:2      | Reached XP level 4. HP: 31/31 MP: 4/4
  2171 | D:3      | Reached XP level 5. HP: 28/36 MP: 5/5
  2312 | D:3      | Slain by a worm

Illustrated notes

Levels and vault maps discovered:
D:1:      nicolae_arrival_somewhat_less_tricky_arrival, layout_basic,
          lexackson_kobold_supper
D:2:      minmay_roachtagon, layout_rooms, kennysheep_crisscross
D:3:      minmay_goblin_kobold_castle, layout_rooms,
          lemuel_coloured_pillars_altar

Skill      XL: |  1  2  3  4 |
---------------+-------------+-----
Fighting       | 3 |  3.3
Long Blades    | 3 |  3.7
Armour         | 4 |  4.1
Shields        | 4 |  4.1

Action                   |  1- 3 |  4- 6 || total
-------------------------+-------+-------++-------
Melee: Long sword        |   515 |    91 ||   606
  Use: Scroll            |       |     5 ||     5
       Potion            |       |     5 ||     5
Armor: Scale mail        |    44 |    43 ||    87
Dodge: Dodged            |    34 |    55 ||    89
Block: Kite shield       |    74 |    49 ||   123
       Rpst.: Long sword |     8 |    16 ||    24

Table legend: (Time is in decaauts)
 A = Elapsed time spent in this place.
 B = Non-inter-level travel time spent in this place.
 C = Inter-level travel time spent in this place.
 D = Time resting spent in this place.
 E = Time spent auto-exploring this place.
 F = Levels seen in this place.
 G = Mean time per level.
                   A        B        C        D        E       F      G
               +--------+--------+--------+--------+--------+-----+--------+
         Total |   2521 |   2446 |     75 |    202 |   1172 |   3 |  840.3 |
       Dungeon |   2521 |   2446 |     75 |    202 |   1172 |   3 |  840.3 |
               +--------+--------+--------+--------+--------+-----+--------+

Top non-repeatable levels by time:
     D:1: 1684 daAuts
     D:2: 522 daAuts
     D:3: 314 daAuts
